Map: Disco Bloodbath LE

Players

Clem - Winner!

  • Race: Terran Terran
  • League: Master
  • Spawn Location: 3:00

liquidthermy (uThermal)

  • Race: Terran Terran
  • Spawn Location: 9:00

Event: HomeStory Cup XX

VOD

Have the link to the VOD?

Description

Time

  • Played on: Nov. 23, 2019, 6:01 a.m.
  • Length: 9:15

All games in this series

Show
View Real Time Build Order
Export as new Build Order

Clem Terran - Winner!

Build Orders: Gas First Reaper Expand, Mech 

Get SALT Encoding   

  12  0:00  SCV  
  13  0:12  SCV  
  14  0:17  Supply Depot  
  14  0:24  SCV  
  15  0:30  Refinery  
  15  0:38  SCV  
  16  0:43  Barracks  
  16  0:50  SCV  
  17  1:02  SCV  
  18  1:14  SCV  
  19  1:30  Orbital Command, Reaper  
  20  1:43  Command Center  
  20  1:56  SCV  
  20  1:58  Factory  
  21  2:06  Barracks Reactor  
  21  2:09  SCV  
  21  2:13  Supply Depot  
  22  2:21  SCV  
  23  2:23  Refinery  
  23  2:34  SCV  
  23  2:44  Starport  
  23  2:46  SCV  
  23  2:48  Hellion  
  23  2:49  Hellion  
  23  2:51  Barracks Tech Lab  
  28  2:56  Orbital Command  
  28  2:58  SCV  
  29  3:10  Hellion x2  
  33  3:15  SCV  
  34  3:22  SCV  
  35  3:27  SCV, Raven  
  35  3:32  Supply Depot  
  38  3:34  SCV  
  38  3:36  Marine x2  
  38  3:39  Refinery  
  41  3:41  Factory Tech Lab  
  41  3:44  SCV  
  41  3:46  SCV  
  43  3:53  Marine x2  
  45  3:56  SCV  
  45  3:57  Supply Depot  
  45  4:00  SCV  
  47  4:04  Cyclone  
  47  4:09  SCV  
  51  4:13  Marine x2  
  50  4:17  Viking  
  50  4:22  SCV  
  43  4:37  Marine  
  44  4:40  SCV  
  45  4:51  Siege Tank  
  48  4:57  SCV  
  49  5:04  Marine x2  
  51  5:07  SCV  
  51  5:09  SCV  
  51  5:10  Supply Depot  
  51  5:11  Raven  
  55  5:19  SCV  
  56  5:21  Marine, SCV  
  56  5:22  Marine  
  59  5:28  Siege Tank  
  59  5:32  SCV  
  59  5:35  SCV  
  63  5:41  Command Center  
  63  5:46  SCV  
  63  5:47  SCV  
  65  5:50  Supply Depot  
  65  5:58  SCV  
  65  6:04  Viking x2  
  64  6:05  Siege Tank  
  64  6:06  SCV  
  64  6:10  Marine  
  69  6:12  Supply Depot, SCV  
  69  6:14  Refinery  
  70  6:18  SCV  
  70  6:24  SCV  
  72  6:27  Supply Depot  
  72  6:30  SCV  
  73  6:34  Viking x2  
  73  6:36  SCV  
  78  6:40  Barracks Reactor  
  78  6:42  SCV  
  78  6:45  Siege Tank  
  82  6:49  SCV  
  82  6:50  Supply Depot  
  82  6:52  Factory  
  82  6:53  Orbital Command  
  83  6:55  SCV  
  83  7:01  SCV  
  85  7:02  Factory  
  85  7:07  Supply Depot, SCV  
  86  7:09  Viking  
  86  7:13  SCV  
  86  7:14  Refinery, Orbital Command  
  89  7:15  Viking  
  89  7:19  Refinery, SCV  
  92  7:27  Siege Tank  
  92  7:28  Supply Depot  
  92  7:29  SCV  
  96  7:31  SCV  
  96  7:34  Supply Depot  
  96  7:41  SCV  
  96  7:43  SCV  
  98  7:48  SCV  
  93  7:53  SCV  
  93  7:54  Viking  
  95  7:58  SCV  
  95  8:00  SCV  
  95  8:04  Hellion x2, Siege Tank  
  95  8:05  Siege Tank  
  102  8:07  Viking  
  102  8:08  SCV  
  102  8:11  SCV  
  102  8:16  SCV  
  100  8:26  Hellion x2  
  104  8:31  SCV x2  
  104  8:32  SCV  
  106  8:36  Armory  
  106  8:37  Armory  
  106  8:42  Siege Tank  
  106  8:48  SCV x2  
  112  8:49  SCV  
  109  9:00  SCV  
  106  9:03  SCV  
Show
View Real Time Build Order
Export as new Build Order

liquidthermy Terran 

Build Orders: 1/1/1, Liberator Opening 

Get SALT Encoding   

  12  0:01  SCV  
  13  0:13  SCV  
  14  0:17  Supply Depot  
  14  0:25  SCV  
  14  0:27  Refinery  
  15  0:39  SCV  
  16  0:44  Barracks  
  16  0:51  SCV  
  16  0:55  Refinery  
  17  1:03  SCV  
  18  1:15  SCV  
  19  1:30  Reaper  
  19  1:31  Orbital Command  
  20  1:34  Factory  
  20  1:42  Supply Depot  
  20  1:56  SCV  
  21  2:02  Reaper  
  23  2:08  SCV  
  23  2:18  Hellion  
  23  2:19  Starport  
  23  2:20  SCV  
  26  2:29  Supply Depot  
  26  2:32  SCV  
  26  2:35  Reaper  
  28  2:39  Hellion, Liberator  
  30  2:44  SCV  
  30  2:48  Supply Depot  
  34  3:01  Hellion  
  36  3:07  Reaper  
  37  3:16  Command Center  
  38  3:22  Hellion  
  38  3:24  SCV  
  40  3:31  Refinery  
  40  3:36  SCV  
  40  3:40  Starport Tech Lab, Supply Depot  
  41  3:44  Factory Tech Lab  
  41  3:46  Barracks Reactor  
  41  3:48  SCV  
  42  4:00  SCV  
  43  4:04  Raven  
  45  4:12  SCV  
  39  4:24  SCV  
  39  4:26  Siege Tank  
  38  4:32  Marine x2, Orbital Command  
  38  4:36  SCV  
  40  4:48  SCV  
  40  4:49  Raven  
  40  4:50  Marine x2  
  45  4:58  SCV  
  44  5:00  SCV  
  44  5:04  Siege Tank  
  48  5:09  Marine x2  
  48  5:10  SCV  
  48  5:13  SCV  
  52  5:22  SCV  
  52  5:25  SCV  
  54  5:29  Command Center  
  54  5:30  Marine  
  54  5:31  Marine  
  54  5:34  SCV  
  57  5:37  Siege Tank, SCV  
  61  5:46  SCV  
  61  5:49  SCV  
  63  5:55  Viking  
  67  5:58  SCV  
  67  6:01  Viking, SCV  
  69  6:10  SCV  
  70  6:12  Supply Depot  
  70  6:14  Refinery  
  70  6:15  Siege Tank, SCV  
  74  6:22  SCV  
  74  6:25  Supply Depot  
  75  6:27  SCV  
  75  6:30  Viking  
  78  6:33  Barracks Reactor  
  78  6:34  SCV  
  78  6:36  Supply Depot  
  78  6:39  SCV  
  80  6:43  Orbital Command  
  80  6:46  SCV  
  81  6:47  Siege Tank  
  81  6:51  SCV  
  85  6:57  Armory  
  85  6:58  Armory  
  85  7:01  SCV  
  85  7:02  Engineering Bay  
  85  7:06  SCV  
  87  7:13  Orbital Command  
  87  7:14  Viking x2  
  87  7:15  SCV  
  92  7:18  SCV  
  92  7:19  Siege Tank  
  96  7:27  SCV  
  97  7:31  SCV  
  98  7:39  SCV  
  98  7:43  SCV x2  
  99  7:44  Viking x2  
  104  7:51  Siege Tank, SCV  
  104  7:55  SCV  
  102  7:58  SCV  
  102  8:03  SCV  
  102  8:04  Supply Depot  
  89  8:05  Refinery  
  89  8:06  Refinery  
  89  8:07  SCV  
  89  8:10  SCV  
  91  8:14  Viking x2  
  91  8:15  SCV  
  91  8:19  SCV  
  95  8:23  Siege Tank  
  95  8:26  SCV  
  96  8:31  Barracks Reactor  
  96  8:32  Factory x2, SCV  
  96  8:37  SCV  
  96  8:38  SCV  
  98  8:44  Viking x2, SCV  
  103  8:49  SCV  
  103  8:50  SCV  
  98  8:58  SCV  
Tags
 
Add a new tag
Caveats
  • Supply blocks, unpowered buildings, or Contaminate may cause inaccurate times.
  • Supply counts are checked every 10 seconds.